 Dungeon Crawl Stone Soup version 0.29-a0-6-ga859fcf985 (webtiles) character file.

Game seed: 15844814002271336276

157737 Jannitor the Scorcher (level 17, -13/154 HPs)
             Began as a Hill Orc Fire Elementalist on Jan 26, 2022.
             Was an Elder of Beogh.
             Mangled by an ironbound frostheart (22 damage)
             ... in an ice cave on Jan 27, 2022.
             The game lasted 01:50:25 (52507 turns).

Jannitor the Scorcher (Hill Orc Fire Elementalist) Turns: 52507, Time: 01:50:26

Health: -13/154    AC: 21    Str: 13      XL:     17   Next: 70%
Magic:  20/39      EV: 13    Int: 19 (21) God:    Beogh [****..]
Gold:   2553       SH:  0    Dex: 11      Spells: 17/35 levels left

rFire   + . .      SeeInvis .   o - staff of conjuration
rCold   . . .      Faith    +   O - orb {*channel}
rNeg    . . .      Spirit   .   E - +0 swamp dragon scales
rPois   +          Reflect  .   M - +0 helmet
rElec   .          Harm     .   A - +0 cloak
rCorr   .          Rampage  .   u - +0 pair of gloves
Will    +....      Clarity  +   Y - +1 pair of boots
Stlth   ..........              T - amulet of faith
HPRegen 0.35/turn               s - +4 ring of protection
MPRegen 0.26/turn               V - ring of magical power

@: confused, ambrosia-drunk
A: hooves 1, clarity, fire resistance 1
a: Renounce Religion, Smiting, Recall Orcish Followers


You were in an ice cave.
You worshipped Beogh.
Beogh was greatly pleased with you.
You visited 4 branches of the dungeon, and saw 26 of its levels.
You also visited: Gauntlet and Ice Cave.

You collected 2553 gold pieces.

Inventory:

Hand Weapons
 W - the +8 flail "Afatzud" {protect, rPois rN+ Str-4}
   (You took it off a minotaur in a Gauntlet)

   It grants its wielder temporary protection when it strikes (+7 to AC).
   Str:       It affects your strength (-4).
   rPois:     It protects you from poison.
   rN:        It protects you from negative energy.
Armour
 u - a +0 pair of gloves (worn)
 y - a +0 buckler
 A - a +0 cloak (worn)
 E - +0 swamp dragon scales (worn)
 M - a +0 helmet (worn)
 O - an orb of energy (worn)
 Q - a +2 robe of the Archmagi
 Y - a +1 pair of boots (worn)
Magical Staves
 o - a staff of conjuration (weapon)
Jewellery
 i - a ring of see invisible
 q - a ring of wizardry
 s - a +4 ring of protection (left hand)
 D - an amulet of reflection
 J - a ring of willpower
 P - a ring of resist corrosion
 S - a ring of positive energy
 T - an amulet of faith (around neck)
 V - a ring of magical power (right hand)
Wands
 c - a wand of iceblast (4)
 j - a wand of paralysis (9)
 w - a wand of flame (28)
 F - a wand of digging (16)
Scrolls
 a - a scroll of holy word
 b - 5 scrolls of teleportation
 d - a scroll of summoning
 f - 5 scrolls of identify
 g - 3 scrolls of silence
 l - 4 scrolls of enchant armour
 m - 3 scrolls of immolation
 n - a scroll of vulnerability
 r - a scroll of brand weapon
 v - 3 scrolls of amnesia
 G - a scroll of fear
 L - a scroll of magic mapping
 R - 2 scrolls of blinking
 U - a scroll of fog
 Z - 3 scrolls of enchant weapon
Potions
 e - 2 potions of cancellation
 h - 4 potions of brilliance
 k - 3 potions of curing
 p - 2 potions of flight
 x - a potion of resistance
 z - 7 potions of might
 B - 2 potions of mutation
 C - 2 potions of invisibility
 H - 2 potions of attraction
 I - a potion of haste
 X - a potion of lignification
Miscellaneous
 t - a tin of tremorstones (2/2)
 K - a condenser vane (inert)


   Skills:
 - Level 14.5 Fighting
 - Level 6.6 Staves
 - Level 10.3 Armour
 - Level 8.2 Dodging
 - Level 1.5 Stealth
 - Level 3.3 Shields
 - Level 9.8 Spellcasting
 - Level 8.0 Conjurations
 * Level 17.1 Fire Magic
 - Level 12.3 Invocations
 - Level 5.5 Evocations


You had 17 spell levels left.
You knew the following spells:

 Your Spells              Type           Power      Damage    Failure   Level
a - Foxfire               Conj/Fire      100%       2x1d9     1%          1
b - Scorch                Fire           100%       2d10      1%          2
c - Flame Wave            Conj/Fire      72%        2d13      1%          4
d - Inner Flame           Hex/Fire       41%        N/A       1%          3
e - Ignition              Fire           32%        3d10      61%         8

Your spell library contained the following spells:

 Spells                   Type           Power      Damage    Failure   Level
 Conjure Flame            Conj/Fire      72%        6-21      1%          3
 Animate Skeleton         Necr           18%        N/A       14%         1
 Freeze                   Ice            36%        1d6       14%         1
 Pain                     Necr           36%        1d5       14%         1
 Hailstorm                Conj/Ice       36%        3d9       26%         4
 Confusing Touch          Hex            9%         N/A       38%         3
 Frozen Ramparts          Ice            18%        1d3       38%         3
 Portal Projectile        Hex/Tloc       18%        N/A       38%         3
 Summon Guardian Golem    Hex/Summ       9%         N/A       38%         3
 Tukima's Dance           Hex            9%         N/A       38%         3
 Vampiric Draining        Necr           9%         2d6       38%         3
 Olgreb's Toxic Radiance  Pois           9%         N/A       80%         4
 Passage of Golubria      Tloc           9%         N/A       80%         4
 Agony                    Necr           9%         N/A       98%         5
 Blade Hands              Tmut           4%         N/A       98%         5
 Excruciating Wounds      Necr           4%         N/A       98%         5
 Yara's Violent Unravell  Hex/Tmut       4%         3d4       98%         5
 Orb of Destruction       Conj           28%        9d9       99%         7
 Enfeeble                 Hex            4%         N/A       100%        7
 Malign Gateway           Summ/Tloc      4%         N/A       100%        7
 Ozocubu's Refrigeration  Ice            4%         4d5       100%        7
 Spellforged Servitor     Conj/Summ      18%        N/A       100%        7
 Summon Horrible Things   Summ           4%         N/A       100%        8


Dungeon Overview and Level Annotations

Branches:
Dungeon (15/15)            Temple (0/1) D:7            Lair (6/6) D:10
  Swamp (3/4) Lair:4        Snake (0/4) Lair:4        Slime (0/5) Lair:5
    Orc (2/2) D:9             Elf (0/3) Orc:2        Vaults (0/5) D:13
 Depths (0/4) D:15          IceCv (1/1)             Gauntlet (visited)

Altars:
Dithmenos
Gozag
Kikubaaqudgha
Nemelex Xobeh
Ru
Sif Muna
Trog
Uskayaw
Wu Jian
Xom
Yredelemnul
The Shining One

Shops:
Orc:2 ?*(*

Portals:
Trove: D:14 (show abyssal rune of Zot)

Annotations:
D:2 Terence
D:6 3 runed translucent doors, raistware's ghost, novice HuCj
D:7 Pikel
D:8 exclusion: death knight
D:11 Urug
D:12 Azrael
D:13 exclusion: ice statue
Lair:1 exclusion: hydra
Lair:5 2 transporters, exclusion: oklob plant, Rimo's ghost, journeyman OpFE
Swamp:1 1 runed translucent door


Innate Abilities, Weirdness & Mutations

You have large cloven feet.
You possess an exceptional clarity of mind.
Your flesh is heat resistant. (rF+)


Message History

Casting: Flame Wave (mildly dangerous; 1% risk of failure)
Press: ? - help, Dir - look around, f - activate You feel a surge of power!
A wave of flame ripples out!
The flame wave engulfs the ice dragon!!
The ice dragon is burned terribly!
The ice dragon is almost dead. (Press . to intensify the flame waves.)
The ice dragon bites you! The ice dragon claws you.
The ice dragon closely misses you.
A wave of flame ripples out!
The flame wave engulfs the ice dragon!
The ice dragon is burned terribly!
The ice dragon is almost dead.
The ice dragon breathes frost at you. The blast of cold hits you!!!
* * * LOW HITPOINT WARNING * * *
You hear an angry growl.
A wave of flame ripples out!
The flame wave engulfs the ice dragon!
The ice dragon is burned terribly!
You kill the ice dragon!
Beogh accepts your kill.
The ice dragon scales are intact enough to wear.
You finish channelling waves of flame.
An ironbound frostheart comes into view.
Aiming: Paralyse
Press: ? - help, Shift-Dir - straight line, f - ironbound frostheart
Aim: an ironbound frostheart, wearing a +0 scale mail (lightly wounded, chance to affect: 45%)
The ironbound frostheart resists with some effort.
Unknown command.
Aiming: Paralyse
Press: ? - help, Shift-Dir - straight line, f/p - ironbound frostheart
Aim: an ironbound frostheart, wearing a +0 scale mail (lightly wounded, chance to affect: 45%)
The ironbound frostheart resists with some effort.
The ironbound frostheart touches you!
* * * LOW HITPOINT WARNING * * *
The ironbound frostheart freezes you!!
* * * LOW HITPOINT WARNING * * *
You are confused.
You feel invigorated. The ironbound frostheart touches you.
* * * LOW HITPOINT WARNING * * *
The ironbound frostheart freezes you!!
You die...

#####
##...##
##..∩..##
#.......#
#..††...#
##.....##
##.@†##
#.p.##
##[..#
##...#
#...##
#...##
#..##
##.. ##.


You could see an ironbound frostheart.

Vanquished Creatures
  Saint Roka (Orc:2)
  2 orc warlords
  3 ghouls (Swamp:2)
  2 eleionomae
  A bunyip (Swamp:2)
  A minotaur (Gauntlet)
  An ice dragon (IceCv)
  Harold (D:7)
  A ghost crab (Swamp:2)
  14 hydras
  A catoblepas (D:14)
  4 centaur warriors (D:14)
  9 alligators
  9 death yaks
  5 two-headed ogres
  A spriggan berserker (Swamp:2)
  Nergalle (D:10)
  2 goliath frogs (Swamp:1)
  A skeletal warrior (D:15)
  A death drake (shapeshifter) (D:15)
  3 bog bodies
  3 spriggan druids (Swamp:2)
  A death drake (Lair:4)
  3 swamp dragons
  A harpy (shapeshifter) (D:15)
  3 orc knights
  A lindwurm (D:13)
  3 oklob plants (Lair:4)
  2 cyclopes
  A deep elf pyromancer (D:13)
  A will-o-the-wisp (Swamp:1)
  An orc sorcerer (Lair:3)
  6 ugly things
  9 elephants
  6 black mambas
  A moth of wrath (Gauntlet)
  Joseph (D:8)
  2 manticores (D:12)
  2 ice statues (Swamp:3)
  12 cane toads
  A cane toad (shapeshifter) (D:14)
  4 gargoyles
  An unseen horror (D:12)
  6 rime drakes
  6 komodo dragons
  2 minotaur zombies (Gauntlet)
  A tengu conjurer (D:15)
  9 trolls
  5 ice devils (D:13)
  A bloated husk (Swamp:1)
  5 meliai
  A polar bear (shapeshifter) (D:13)
  5 tyrant leeches
  5 polar bears (Lair:6)
  11 slime creatures
  6 hornets
  A hornet (shapeshifter) (D:15)
  34 blink frogs
  2 dream sheep
  A dancing weapon (D:11)
  A jumping spider (shapeshifter) (D:14)
  12 flying skulls (Gauntlet)
  A vampire (D:10)
  27 yaks
  4 shadows
  Eustachio (D:5)
  5 basilisks
  13 spriggans
  A fire elemental (D:11)
  2 wraiths
  4 steam dragons
  4 wyverns
  6 redbacks (D:14)
  11 vampire mosquitoes
  Menkaure (D:5)
  9 swamp worms
  5 wargs
  2 acid dragons
  14 water moccasins
  A meliai simulacrum (D:15)
  14 orc warriors
  3 ice beasts
  6 black bears
  7 ogres
  2 sky beasts
  A hornet zombie (D:5)
  9 centaurs
  2 necrophages (Swamp:2)
  36 wolves
  5 boggarts (Lair:6)
  2 kobold brigands
  2 lemures (D:7)
  11 bullfrogs
  A gnoll sergeant (D:10)
  3 scorpions
  A wyvern zombie (D:7)
  2 water moccasin zombies
  A wyvern skeleton (D:6)
  2 troll zombies (D:9)
  6 killer bees (D:9)
  A howler monkey (D:10)
  3 wights (D:9)
  2 bullfrog zombies
  5 centaur zombies
  2 jellies (Lair:5)
  3 hounds
  A gnoll shaman (D:5)
  8 orc priests
  An iguana (D:6)
  Ijyb (D:5)
  15 orc wizards
  4 hell rats (D:10)
  6 ogre zombies (D:9)
  2 hound skeletons (D:5)
  A hound zombie (D:5)
  2 mummies (D:15)
  2 howler monkey zombies
  7 gnolls
  9 adders
  A river rat (D:10)
  A white imp (D:6)
  9 ufetubi
  3 dart slugs (D:1)
  47 orcs
  4 bats
  8 endoplasms
  2 giant cockroaches
  4 goblins
  5 hobgoblins
  3 jackals (D:5)
  3 quokkas
  7 ball pythons
  5 frilled lizards
  3 goblin skeletons (D:9)
  A goblin zombie (D:9)
  2 hobgoblin zombies (D:9)
  12 kobolds
  An orc skeleton (D:9)
  16 orc zombies (D:9)
  9 rats
691 creatures vanquished.

Vanquished Creatures (collateral kills)
  A ghoul (D:15)
  Nessos (Orc:2)
  A bunyip (Swamp:2)
  A great orb of eyes (D:15)
  A hydra (Lair:4)
  A rakshasa (D:15)
  2 ogre magi (D:15)
  3 boulder beetles
  10 two-headed ogres
  A centaur warrior (D:14)
  2 orc high priests (Orc:2)
  Sonja (Orc:2)
  A spriggan druid (Swamp:2)
  A swamp dragon (Swamp:2)
  A bog body (Lair:4)
  An orc sorcerer (Orc:2)
  A cyclops (D:15)
  5 ugly things
  3 centaur zombies
  2 elephants (Lair:4)
  A torpor snail (Lair:4)
  A guardian mummy (D:15)
  A meliai (D:15)
  2 tyrant leeches
  10 slime creatures
  4 dream sheep (Lair:4)
  A wraith (D:14)
  A water elemental (D:14)
  2 spriggans (Swamp:2)
  A fire elemental (D:11)
  7 vampire mosquitoes
  2 wargs (Orc:2)
  4 orc warriors (Orc:2)
  A wolf (Lair:1)
  4 ogres
  4 centaurs (D:14)
  2 bullfrogs (Lair:4)
  An electric eel (D:14)
  5 orc priests
  4 orc wizards
  5 orcs
  2 foxfires (Lair:4)
105 creatures vanquished.

Vanquished Creatures (others)
  An orc warlord (Swamp:2)
  2 orc knights
  2 orc high priests
  A redback (D:14)
  14 orc warriors
  8 orc priests
  9 orc wizards
  19 orcs
  2 orc zombies (D:9)
  3 bushes
  532 foxfires
  83 fungi
  82 plants
  7 withered plants (D:15)
765 creatures vanquished.

Grand Total: 1561 creatures vanquished

Notes
Turn   | Place    | Note
-------+----------+-------------------------------------------
     0 | D:1      | Jannitor the Hill Orc Fire Elementalist began the quest for
                  | the Orb.
     0 | D:1      | Reached XP level 1. HP: 14/14 MP: 3/3
   396 | D:1      | Reached XP level 2. HP: 22/22 MP: 2/4
   533 | D:1      | Reached skill level 1 in Fighting
  1169 | D:1      | Reached XP level 3. HP: 24/28 MP: 1/5
  1272 | D:1      | Learned a level 2 spell: Scorch
  1985 | D:2      | Reached XP level 4. HP: 36/36 MP: 3/7
  2301 | D:3      | Noticed Terence
  2663 | D:3      | Reached skill level 4 in Fire Magic
  3078 | D:3      | Found an ancient bone altar of Kikubaaqudgha.
  3616 | D:4      | Reached XP level 5. HP: 42/42 MP: 3/8
  3852 | D:4      | Noticed a water moccasin
  3865 | D:4      | Killed a water moccasin
  3866 | D:4      | Reached XP level 6. HP: 34/51 MP: 1/9
  4470 | D:4      | Found an ornate altar of the Wu Jian Council.
  4666 | D:5      | Entered Level 5 of the Dungeon
  4978 | D:5      | Reached skill level 5 in Fire Magic
  5252 | D:5      | Noticed Menkaure
  5257 | D:5      | Killed Menkaure
  5258 | D:5      | Reached XP level 7. HP: 40/59 MP: 2/11
  6148 | D:5      | Noticed Eustachio
  6175 | D:5      | Killed Eustachio
  6176 | D:5      | Reached skill level 5 in Fighting
  6176 | D:5      | Reached skill level 6 in Fire Magic
  6176 | D:5      | Reached XP level 8. HP: 68/68 MP: 4/13
  6533 | D:5      | Noticed Ijyb
  6545 | D:5      | Killed Ijyb
  6974 | D:5      | Reached skill level 5 in Conjurations
  7939 | D:6      | Reached XP level 9. HP: 27/78 MP: 7/15
  8215 | D:6      | Found a shimmering blue altar of Sif Muna.
  8228 | D:6      | Reached skill level 7 in Fire Magic
  8641 | D:6      | Found a runed translucent gate.
  8642 | D:6      | Found a runed translucent gate.
  8643 | D:6      | Found a runed translucent gate.
  8678 | D:6      | Noticed raistware's ghost (novice HuCj)
  9273 | D:7      | Reached skill level 1 in Armour
  9383 | D:7      | Noticed a gargoyle
  9649 | D:7      | Noticed Pikel
 10061 | D:7      | Learned a level 4 spell: Flame Wave
 10073 | D:7      | Found a staircase to the Ecumenical Temple.
 10099 | D:7      | Noticed Harold
 10114 | D:7      | Killed Harold
 10115 | D:7      | Reached skill level 5 in Spellcasting
 10115 | D:7      | Reached skill level 8 in Fire Magic
 10392 | D:8      | Reached XP level 10. HP: 37/88 MP: 1/17
 11399 | D:8      | Noticed a two-headed ogre
 11465 | D:8      | Killed a two-headed ogre
 11807 | D:8      | Noticed Joseph
 11817 | D:8      | Killed Joseph
 12011 | D:8      | Noticed a death knight
 12064 | D:9      | Became a worshipper of Beogh the Brigand
 12094 | D:9      | Found a basalt altar of Yredelemnul.
 12954 | D:9      | Reached skill level 9 in Fire Magic
 12963 | D:9      | Reached * piety under Beogh
 13196 | D:9      | Reached skill level 5 in Armour
 13274 | D:9      | Found a staircase to the Orcish Mines.
 13836 | D:9      | Found a shadowy altar of Dithmenos.
 13846 | D:9      | Reached XP level 11. HP: 90/97 MP: 12/20
 14382 | D:10     | Entered Level 10 of the Dungeon
 14551 | D:10     | Reached ** piety under Beogh
 14752 | D:10     | Found a sacrificial altar of Ru.
 14770 | D:10     | Found a shimmering altar of Xom.
 14773 | D:10     | Found a bloodstained altar of Trog.
 14774 | D:10     | Found a glowing golden altar of the Shining One.
 15012 | D:10     | Found a hide-covered altar of Uskayaw.
 15042 | D:10     | Found a sparkling altar of Nemelex Xobeh.
 15133 | D:10     | Noticed a death yak
 15189 | D:10     | Killed a death yak
 15190 | D:10     | Reached skill level 1 in Invocations
 15396 | D:10     | Noticed Nergalle
 15768 | D:10     | Killed Nergalle
 15933 | D:10     | Noticed a death yak
 16000 | D:10     | Killed a death yak
 16249 | D:10     | Noticed a death yak
 16251 | D:10     | Found a staircase to the Lair.
 16467 | D:10     | Killed a death yak
 16468 | D:10     | Reached skill level 10 in Fighting
 16799 | Lair:1   | Entered Level 1 of the Lair of Beasts
 16799 | Lair:1   | Noticed a seven-headed hydra
 16940 | Lair:1   | Noticed a five-headed hydra
 17341 | Lair:1   | Reached skill level 10 in Fire Magic
 18489 | Lair:2   | Reached XP level 12. HP: 107/107 MP: 15/22
 18507 | Lair:2   | Upgraded the game from 0.29-a0-1-gf2d273c862 to
                  | 0.29-a0-6-ga859fcf985
 18711 | Lair:2   | Reached skill level 5 in Invocations
 19308 | Lair:2   | Reached *** piety under Beogh
 20817 | Lair:3   | Reached skill level 11 in Fire Magic
 21200 | Lair:3   | Noticed a seven-headed hydra
 21211 | Lair:3   | Killed a seven-headed hydra
 21510 | Lair:3   | Reached XP level 13. HP: 70/116 MP: 6/24
 21853 | Lair:3   | Learned a level 3 spell: Inner Flame
 22334 | Lair:4   | Reached **** piety under Beogh
 22339 | Lair:4   | Was placed under penance by Beogh
 22346 | Lair:4   | Reached skill level 5 in Dodging
 22397 | Lair:4   | Found a staircase to the Snake Pit.
 22546 | Lair:4   | Noticed an orc warlord
 22925 | Lair:3   | Noticed Gorbash
 23570 | D:11     | Found an opulent altar of Gozag.
 24045 | D:11     | Was forgiven by Beogh
 24454 | D:11     | Noticed Urug
 25339 | D:12     | Reached skill level 1 in Staves
 27007 | D:12     | Noticed Azrael
 27483 | D:13     | Reached skill level 12 in Fire Magic
 28300 | D:13     | Gained mutation: You are clumsy. (Dex -2) [potion of
                  | mutation]
 28410 | D:13     | Reached XP level 14. HP: 108/127 MP: 14/26
 28593 | D:13     | Identified the +11 short sword of Darkness {vorpal, Contam
                  | rC+ Str+2 Dex+7}
 29045 | D:13     | Found a gate to the Vaults.
 30270 | D:14     | Learned a level 8 spell: Ignition
 30299 | D:14     | Found a portal to a secret trove of treasure.
 30967 | Lair:4   | Found a staircase to the Swamp.
 32178 | Lair:5   | Found a staircase to the Slime Pits.
 32296 | Lair:5   | Reached skill level 10 in Armour
 32362 | Lair:5   | Found a transporter.
 32407 | Lair:5   | Found a transporter.
 32412 | Lair:5   | Noticed Rimo's ghost (journeyman OpFE)
 32414 | Lair:5   | Found a bloodstained altar of Trog.
 34663 | Lair:5   | Reached skill level 10 in Invocations
 35721 | Lair:6   | Entered Level 6 of the Lair of Beasts
 36298 | Lair:5   | Reached skill level 1 in Evocations
 37751 | Lair:6   | Reached XP level 15. HP: 94/136 MP: 2/28
 38803 | Lair:6   | Reached skill level 13 in Fire Magic
 39293 | Lair:6   | Reached skill level 5 in Staves
 39356 | Lair:6   | Reached ***** piety under Beogh
 39477 | Lair:6   | Reached XP level 16. HP: 145/145 MP: 29/29
 40230 | Orc:1    | Entered Level 1 of the Orcish Mines
 40235 | D:9      | Gained Ugbert as an ally
 41017 | D:14     | Identified the +7 whip "Doge" {flame, rPois Str+3}
 42337 | D:15     | Entered Level 15 of the Dungeon
 42680 | D:15     | Reached skill level 1 in Shields
 44231 | D:15     | Reached skill level 5 in Evocations
 44482 | D:15     | Found a staircase to the Depths.
 45404 | Orc:2    | Entered Level 2 of the Orcish Mines
 45420 | Orc:2    | Noticed Sonja
 45424 | Orc:2    | Killed Sonja
 45440 | Orc:2    | Noticed Saint Roka
 45455 | Orc:2    | Gained Bogmar as an ally
 45457 | Orc:2    | Your ally Bogmar died
 45463 | Orc:2    | Killed Saint Roka
 45561 | Orc:2    | Found a staircase to the Elven Halls.
 45603 | Orc:2    | Found a gate leading to a gauntlet.
 45615 | Gauntlet | Entered a Gauntlet
 45615 | Gauntlet | Found a transporter.
 45615 | Gauntlet | Found a transporter.
 45881 | Gauntlet | Found a runed translucent door.
 45895 | Gauntlet | Found a transporter.
 45896 | Gauntlet | Found a transporter.
 45907 | Gauntlet | Found a transporter.
 45908 | Gauntlet | Found a transporter.
 45912 | Gauntlet | Found a runed translucent door.
 45912 | Gauntlet | Found a runed translucent door.
 45916 | Gauntlet | Found a transporter.
 45931 | Gauntlet | Found a runed translucent door.
 45932 | Gauntlet | Found a transporter.
 45933 | Gauntlet | Found a runed translucent door.
 45946 | Gauntlet | Found a transporter.
 45950 | Gauntlet | Found a transporter.
 45958 | Gauntlet | Found a transporter.
 45962 | Gauntlet | Found a transporter.
 45994 | Gauntlet | Lost mutation: You are clumsy. (Dex -2) [potion of
                  | mutation]
 45994 | Gauntlet | Gained mutation: Your flesh is heat resistant. (rF+)
                  | [potion of mutation]
 45994 | Gauntlet | Gained mutation: You are frail. (-10% HP) [potion of
                  | mutation]
 45994 | Gauntlet | Gained mutation: You are dopey. (Int -2) [potion of
                  | mutation]
 45995 | Gauntlet | Lost mutation: You are dopey. (Int -2) [potion of mutation]
 45995 | Gauntlet | Lost mutation: You are frail. (-10% HP) [potion of
                  | mutation]
 45995 | Gauntlet | Gained mutation: You possess an exceptional clarity of
                  | mind. [potion of mutation]
 45995 | Gauntlet | Gained mutation: You have large cloven feet. [potion of
                  | mutation]
 46484 | Gauntlet | Identified the +8 flail "Afatzud" {protect, rPois rN+
                  | Str-4}
 46503 | Gauntlet | Reached XP level 17. HP: 123/154 MP: 9/30
 47187 | Orc:2    | Noticed Nessos
 47194 | Orc:2    | Killed Nessos
 47219 | Orc:2    | Gained Orbeogh as an ally
 47472 | Orc:2    | Found Pexkeuridgh's Weapon Shoppe.
 47473 | Orc:2    | Found Berot's Magic Scroll Emporium.
 47474 | Orc:2    | Found Heghu's Assorted Antiques.
 47478 | Orc:2    | Found Pacw's Assorted Antiques.
 47861 | Swamp:1  | Entered Level 1 of the Swamp
 47869 | Swamp:1  | Reached skill level 14 in Fire Magic
 49656 | Swamp:1  | Reached skill level 15 in Fire Magic
 50241 | Swamp:1  | Found a runed translucent door.
 50502 | Swamp:2  | Your ally Ugbert died
 51008 | Swamp:2  | Reached skill level 16 in Fire Magic
 52251 | Swamp:3  | Found a frozen archway.
 52302 | IceCv    | Entered an ice cave
 52313 | IceCv    | Reached skill level 17 in Fire Magic
 52506 | IceCv    | HP: 7/154 [ironbound frostheart (30)]
 52507 | IceCv    | Mangled by an ironbound frostheart

Illustrated notes

Levels and vault maps discovered:
D:1:      ncdulo_watergridlock, layout_loops_cross
D:2:      minmay_door_path, layout_rooms
D:3:      layout_basic, lemuel_round_altar, wad_floor_pattern_2, uniq_terence
D:4:      layout_rooms, kennysheep_mini_moat, hex_intersection,
          nrook_loot_triangle, grunt_ministairs_13, chequers_jeans,
          amcnicky_mini_corridor_feature, wad_orctagon
D:5:      layout_loops_corners, uniq_menkaure, uniq_eustachio, uniq_ijyb
D:6:      layout_basic, overflow_temple_1_default, gammafunk_ghost_necromancy,
          serial_park_tiny_pond
D:7:      layout_loops_ring, lemuel_round_altar, minmay_temple_entry_ruins,
          uniq_harold, uniq_pikel
D:8:      layout_rooms, grunt_ministairs_3, roderic_lattice_a,
          minmay_three_doors, uniq_joseph
D:9:      layout_roguey, mainiacjoe_overflow_boulevard, grunt_dithmenos_shadows,
          zombieorc2_lemuel
D:10:     layout_loops_ring, nicolae_ru_awakened_eye,
          grunt_temple_overflow_open, mainiacjoe_overflow_two_lobes,
          dpeg_lair_monsters, uniq_nergalle
D:11:     layout_basic, nicolae_gozag_seed_capital, uniq_urug
D:12:     layout_roguey, roderic_roman_lattice, minmay_misc_feat_columns,
          uniq_azrael
D:13:     cheibrodos_frozen_isle, layout_irregular_city, david_vaults_4
D:14:     layout_roguey, serial_park_fountain, nicolae_trove_entry_crossroad,
          eino_tiny_chamber, drop_trap
D:15:     gammafunk_enter_depths_forms, layout_irregular_city,
          chequers_serial_rivers_room_a, serial_undead, serial_undead_f,
          serial_undead_f, serial_undead_b, serial_undead_e
Lair:1:   layout_regular_city
Lair:2:   layout_long_grid, chequers_serial_rivers_small_a
Lair:3:   layout_roguey, infiniplex_staircase_pool, grunt_megastairs_1
Lair:4:   dpeg_oklob_gauntlet, layout_misc_corridors, minmay_swamp_entry_worms
Lair:5:   layout_gridlike, minmay_slime_entry_pillars,
          gammafunk_ghost_wrathful_warriors, hangedman_lair_generics_rect
Lair:6:   minmay_lair_end_enchanted_forest, layout_regular_city,
          hibernation_bobbens, serial_bayou_shore_b
Swamp:1:  gammafunk_mikee_crab_dinner, layout_basic_swamp,
          evilmike_swamp_ruin_house_1
Swamp:2:  layout_falls_marsh, evilmike_swamp_ruin_wall, swamp_pool3
Swamp:3:  layout_basic_swamp, portal_ice_cave_entry_ice_statue_two,
          serial_swamp_ruin, evilmike_swamp_ruin_house_3,
          evilmike_swamp_ruin_house_6, hangedman_swamp_ruin_wall
Orc:1:    layout_caves
Orc:2:    st_orc_mages, layout_caves, gauntlet_entry_generic, uniq_sonja,
          uniq_nessos, uniq_saint_roka
IceCv:    ice_cave_small_giant

Skill      XL: |  1  2  3  4  5  6  7  8  9 10 11 12 13 14 15 16 17 |
---------------+----------------------------------------------------+-----
Fighting       | 1 2 3 4 5 6 7 9 10 11 12 13 14 | 14.5
Spellcasting   | 2 3 4 5 6 7 8 9 |  9.8
Conjurations   | 2 3 4 5 6 7 8 |  8.0
Fire Magic     | 4 5 6 8 9 10 11 12 13 17 | 17.1
Armour         | 3 5 6 8 9 10 | 10.3
Invocations    | 4 7 9 10 11 12 | 12.3
Dodging        | 3 4 5 6 7 8 |  8.2
Staves         | 2 4 5 6 |  6.6
Evocations     | 2 3 5 |  5.5
Shields        | 3 |  3.3
Stealth        | |  1.5

Action                   |  1- 3 |  4- 6 |  7- 9 | 10-12 | 13-15 | 16-18 || total
-------------------------+-------+-------+-------+-------+-------+-------++-------
Melee: Dagger            |    35 |    16 |       |       |       |       ||    51
       Punch             |       |     1 |       |       |     1 |       ||     2
       Quarterstaff      |       |     7 |   111 |    80 |    81 |     4 ||   283
       Lajatang          |       |       |       |       |    27 |       ||    27
       Staff             |       |       |       |       |    11 |    95 ||   106
 Cast: Foxfire           |    43 |    35 |    18 |    70 |   127 |    32 ||   325
       Scorch            |     3 |    36 |   134 |   309 |   572 |   403 ||  1457
       Flame Wave        |       |       |       |    41 |    67 |    59 ||   167
       Inner Flame       |       |       |       |       |     1 |       ||     1
Invok: Convert to Beogh  |       |       |       |     1 |       |       ||     1
       Smiting           |       |       |       |       |     5 |    26 ||    31
       Recall Orcish Fol |       |       |       |       |     1 |     1 ||     2
       Stop Recall       |       |       |       |       |       |     1 ||     1
Evoke: Wand              |       |       |    11 |    20 |    21 |    28 ||    80
       Tin of tremorston |       |       |       |       |     2 |       ||     2
       Condenser vane    |       |       |       |       |       |     3 ||     3
  Use: Scroll            |       |     9 |     4 |     6 |    14 |    11 ||    44
       Potion            |       |     2 |       |       |     7 |    11 ||    20
 Stab: Sleeping          |     1 |       |       |       |       |     1 ||     2
       Paralysed         |       |       |     9 |     2 |    11 |    11 ||    33
       Invisible         |       |       |       |       |     1 |       ||     1
Armor: Robe              |     6 |     8 |    35 |       |       |    46 ||    95
       Leather armour    |       |       |    24 |   125 |   339 |   145 ||   633
       Swamp dragon scal |       |       |       |       |       |    15 ||    15
Dodge: Dodged            |    21 |    35 |   119 |   268 |   549 |   260 ||  1252
Block: Other             |       |       |       |    16 |   167 |    25 ||   208
       Reflection        |       |       |       |       |     2 |     4 ||     6
       Buckler           |       |       |       |       |       |   167 ||   167

Table legend: (Time is in decaauts)
 A = Elapsed time spent in this place.
 B = Non-inter-level travel time spent in this place.
 C = Inter-level travel time spent in this place.
 D = Time resting spent in this place.
 E = Time spent auto-exploring this place.
 F = Levels seen in this place.
 G = Mean time per level.
                   A        B        C        D        E       F      G
               +--------+--------+--------+--------+--------+-----+--------+
         Total |  52762 |  50734 |   2028 |  22797 |  18320 |  28 | 1884.4 |
       Dungeon |  28690 |  27401 |   1289 |  11377 |  11762 |  15 | 1912.7 |
          Lair |  17699 |  17073 |    626 |   8333 |   4824 |   6 | 2949.8 |
         Swamp |   3183 |   3113 |     70 |   1728 |    823 |   3 | 1061.0 |
  Orcish Mines |   1872 |   1830 |     42 |    488 |    818 |   2 |  936.0 |
      Ice Cave |    204 |    204 |      0 |    144 |      0 |   1 |  204.0 |
      Gauntlet |   1111 |   1111 |      0 |    727 |     93 |   1 | 1111.0 |
               +--------+--------+--------+--------+--------+-----+--------+

Top non-repeatable levels by time:
  Lair:5: 4771 daAuts
  Lair:6: 3258 daAuts
     D:5: 2949 daAuts
     D:9: 2931 daAuts
  Lair:4: 2760 daAuts
    D:14: 2683 daAuts
    D:10: 2590 daAuts
  Lair:1: 2584 daAuts
  Lair:3: 2559 daAuts
    D:13: 2359 daAuts
    D:15: 2252 daAuts
     D:8: 2087 daAuts
    D:12: 2006 daAuts
     D:6: 1816 daAuts
  Lair:2: 1765 daAuts
